Map: [ESL] Royal Blood

Players

Firefly - Winner!

  • Race: Protoss Protoss
  • Spawn Location: 1:00

SCV

  • Race: Protoss Protoss
  • Spawn Location: 7:00

Event: ESL SC2 Masters 2023 Summer (Regionals)

VOD

Have the link to the VOD?

Description

Time

  • Played on: May 10, 2023, 7:27 a.m.
  • Length: 5:43

All games in this series

Show
View Real Time Build Order
Export as new Build Order

Firefly Protoss - Winner!

Build Orders: Blink Stalkers 

Get SALT Encoding   

  12  0:00  Probe  
  13  0:12  Probe  
  14  0:19  Pylon  
  14  0:24  Probe  
  15  0:37  Probe (Chrono Boost)  
  15  0:38  Gateway  
  16  0:46  Probe (Chrono Boost)  
  16  0:47  Assimilator  
  17  0:51  Probe (Chrono Boost)  
  17  0:55  Assimilator  
  18  1:03  Probe (Chrono Boost)  
  19  1:11  Gateway  
  19  1:16  Probe (Chrono Boost)  
  20  1:22  Probe (Chrono Boost)  
  20  1:25  Cybernetics Core  
  21  1:30  Probe  
  22  1:36  Pylon  
  22  1:50  Probe  
  23  2:02  Warp Gate, Stalker x2  
  27  2:09  Pylon  
  27  2:18  Probe  
  28  2:32  Stalker x2  
  28  2:35  Twilight Council  
  32  3:03  Nexus  
  32  3:06  Sentry  
  32  3:08  Probe  
  35  3:15  Blink (Chrono Boost)  
  35  3:23  Probe  
  36  3:28  Pylon  
  36  3:42  Probe  
  36  3:46  Gateway  
  35  3:56  Stalker  
  35  3:57  Stalker  
  35  3:58  Probe  
  40  4:11  Probe  
  40  4:15  Probe  
  42  4:22  Stalker  
  42  4:23  Probe, Stalker  
  47  4:27  Probe  
  48  4:35  Probe  
  49  4:39  Probe  
  49  4:41  Stalker  
  52  4:45  Stalker  
  52  4:46  Stalker  
  52  4:48  Probe  
  57  4:54  Probe  
  58  5:00  Probe  
  58  5:06  Probe, Stalker  
  60  5:12  Probe  
  61  5:18  Probe  
  61  5:20  Stalker  
  62  5:24  Robotics Facility  
  62  5:28  Probe, Pylon  
  62  5:30  Probe  
  62  5:34  Stalker  
Show
View Real Time Build Order
Export as new Build Order

SCV Protoss 

Build Orders:  

Get SALT Encoding   

  12  0:00  Probe  
  13  0:12  Probe  
  14  0:17  Pylon  
  14  0:24  Probe (Chrono Boost)  
  15  0:36  Probe (Chrono Boost), Gateway  
  16  0:44  Probe (Chrono Boost)  
  16  0:46  Assimilator  
  17  0:51  Probe  
  17  0:57  Assimilator  
  18  1:03  Probe (Chrono Boost)  
  19  1:08  Gateway  
  19  1:15  Probe (Chrono Boost)  
  20  1:21  Probe (Chrono Boost)  
  20  1:25  Cybernetics Core  
  21  1:29  Probe  
  22  1:34  Pylon  
  22  1:41  Probe  
  23  1:53  Probe  
  24  2:02  Stalker x2, Warp Gate (Chrono Boost)  
  28  2:09  Pylon  
  28  2:33  Sentry x2  
  32  2:39  Nexus  
  32  2:47  Shield Battery  
  32  2:51  Probe  
  32  2:57  Stalker  
  35  3:04  Probe  
  36  3:07  Pylon  
  36  3:09  Sentry  
  39  3:20  Probe  
  39  3:32  Probe  
  39  3:33  Twilight Council  
  39  3:45  Probe (Chrono Boost)  
  40  3:49  Stalker x2  
  40  3:51  Probe (Chrono Boost)  
  46  3:57  Probe (Chrono Boost)  
  46  4:01  Probe (Chrono Boost)  
  47  4:03  Probe (Chrono Boost)  
  47  4:06  Probe (Chrono Boost)  
  49  4:10  Probe  
  49  4:11  Stalker x2  
  50  4:17  Probe  
  50  4:22  Probe  
  52  4:27  Robotics Facility  
  52  4:29  Probe  
  53  4:31  Pylon  
  53  4:34  Probe  
  54  4:41  Probe  
  54  4:43  Stalker  
  54  4:44  Stalker  
  59  4:46  Probe  
  59  4:47  Pylon  
  60  4:53  Probe  
  57  5:05  Probe  
  57  5:06  Probe  
  51  5:07  Stalker x2  
  51  5:17  Probe  
  46  5:33  Stalker  
  46  5:35  Zealot  
Tags
 
Add a new tag
Caveats
  • Supply blocks, unpowered buildings, or Contaminate may cause inaccurate times.
  • Supply counts are checked every 10 seconds.